 Dungeon Crawl Stone Soup version 0.23-a0-650-ga4d50d4 (console) character file.

1052 swinepaste the Tainter (level 8, -2/46 HPs)
             Began as an Octopode Venom Mage on Jan 4, 2019.
             Slain by an ogre
             ... wielding a +0 giant club
              (23 damage)
             ... on level 5 of the Dungeon.
             The game lasted 00:13:59 (4979 turns).

swinepaste the Tainter (Octopode Venom Mage)        Turns: 4979, Time: 00:14:00

Health: -2/46      AC:  1    Str:  7    XL:     8   Next: 26%
Magic:  6/15       EV: 14    Int: 19    God:
Gold:   184        SH:  0    Dex: 21    Spells: 6/16 levels left

rFire    . . .     SeeInvis +   a - +9 mace of Dividends {venom, Dex+5}
rCold    . . .     Gourm    .   (no shield)
rNeg     . . .     Faith    .   (helmet restricted)
rPois    .         Spirit   .   (no amulet)
rElec    .         Reflect  .   h - +3 ring of dexterity
rCorr    .         Harm     .   p - ring of see invisible
MR       .....                  (no ring)
Stlth    ++++......             (no ring)
HPRegen  0.15/turn              (no ring)
MPRegen  0.14/turn              (no ring)
                                (no ring)
                                (no ring)

@: no status effects
A: almost no armour, stealthy swim, amphibious, 8 rings, constrict 8, camouflage
1, gelatinous body 1
a: no special abilities


You were on level 5 of the Dungeon.
You were not hungry.

You visited 2 branches of the dungeon, and saw 6 of its levels.

You collected 184 gold pieces.

Inventory:

Hand Weapons
 a - the +9 mace of Dividends (weapon) {venom, Dex+5}
   (You found it on level 4 of the Dungeon)

   It poisons the flesh of those it strikes.
   It affects your dexterity (+5).
 d - a +1 dagger of venom
Jewellery
 h - a +3 ring of dexterity (left tentacle)
 p - a ring of see invisible (right tentacle)
Wands
 u - a wand of acid (5)
 v - a wand of polymorph (8)
 x - a wand of iceblast (6)
 y - a wand of random effects (14)
Scrolls
 c - 2 scrolls of enchant weapon {unknown}
 f - a scroll of noise {unknown}
 g - a scroll of immolation
 i - 4 scrolls of teleportation {unknown}
 j - 6 scrolls of identify {unknown}
 l - a scroll of enchant armour {unknown}
 n - 3 scrolls of remove curse {unknown}
 o - 3 scrolls of magic mapping {unknown}
 w - a scroll of random uselessness {unknown}
 z - a scroll of fear {unknown}
Potions
 e - 2 potions of resistance {unknown}
 k - a potion of brilliance {unknown}
 q - 2 potions of flight {unknown}
 r - a potion of might {unknown}
 s - a potion of curing
 t - a potion of agility {unknown}
Comestibles
 b - 6 rations
 m - 4 chunks of flesh


   Skills:
 - Level 2.0 Dodging
 - Level 2.6 Stealth
 * Level 4.8 Spellcasting
 + Level 2.7 Conjurations
 + Level 2.5 Air Magic
 * Level 9.1 Poison Magic


You had 6 spell levels left.
You knew the following spells:

 Your Spells              Type           Power        Failure   Level  Hunger
q - Mephitic Cloud        Conj/Pois/Air  ###.....     5%          3    ##.....
t - Sting                 Conj/Pois      ####         1%          1    None
w - Poisonous Vapours     Pois/Air       ####..       1%          2    #......
R - Olgreb's Toxic Radia  Pois           #####...     3%          4    ####...

Your spell library contained the following spells:

 Spells                   Type           Power        Failure   Level  Hunger
 Sandblast                Erth           #.....       13%         1    None
 Passwall                 Tmut/Erth      #.......     19%         2    #......
 Stone Arrow              Conj/Erth      #.....       22%         3    ##.....
 Venom Bolt               Conj/Pois      ####......   30%         5    ######.
 Petrify                  Tmut/Erth      #.......     77%         4    ####...
 Lee's Rapid Deconstruct  Erth           #.........   98%         5    ######.


Dungeon Overview and Level Annotations

Branches:
Dungeon (5/15)             Temple (1/1) D:4

Altars:
Ashenzari
Cheibriados
Elyvilon
Fedhas
Kikubaaqudgha
Nemelex Xobeh
Okawaru
Qazlal
Ru
Sif Muna
Trog
Uskayaw
Wu Jian
Xom
Zin
The Shining One

Annotations:
D:4 1 runed door, codyloyd's ghost, amateur DrEE


Innate Abilities, Weirdness & Mutations

You cannot wear most types of armour.
You are very stealthy in the water. (Stealth+)
You are amphibious.
You can wear up to eight rings at the same time.
You can use your tentacles to constrict eight enemies at once.
Your skin changes colour to match your surroundings (Stealth+).
Your rubbery body absorbs attacks. (AC +1, EV +1)


Message History

An ogre comes into view. It is wielding a +0 giant club.
Casting: Sting (safe; 1% risk of failure)
Confirm with . or Enter, or press ? or * to list all spells.
You begin to radiate toxic energy.
The ogre is poisoned.
Your toxic aura wanes.
The ogre looks more healthy.
Casting: Olgreb's Toxic Radiance (safe; 3% risk of failure)
Confirm with . or Enter, or press ? or * to list all spells.
You begin to radiate toxic energy.
The ogre is poisoned.
The phantom blinks!
The ogre hits you with a +0 giant club!!
Ouch! That really hurt!
The ogre looks even sicker.
The phantom blinks!
You sock the phantom!
The phantom is moderately damaged.
The ogre looks even sicker.
Your toxic aura wanes.
The phantom barely misses you.
The ogre hits you with a +0 giant club!!
Ouch! That really hurt!
You die...

.. ##..........## ...
#...........# ....
##..........## .....
#...........##
......####
##.........#<.
.........#####
####....####)
..#####...§..#####
###...### ##.
#####).§...####....##
#.) #####OxW.....###
#.. ####...### #.[
##...# #>. ##..# #..
#..## ##. ###...###
#. ##.......#### #.
###....##.....####.
###....######......#.


You could see a phantom and an ogre.

Vanquished Creatures
  2 ogres (D:5)
  A scorpion (D:5)
  3 howler monkeys (D:5)
  4 crimson imps (D:5)
  4 hounds
  A jelly (D:5)
  2 orc priests (D:5)
  An orc wizard (D:4)
  3 worker ants
  A hound zombie (D:5)
  4 gnolls (D:3)
  10 adders
  A shadow imp (D:5)
  An ooze (D:3)
  An adder skeleton (D:4)
  4 worms
  4 dart slugs
  3 leopard geckos (D:4)
  14 orcs
  6 giant cockroaches
  8 goblins
  9 hobgoblins
  10 jackals
  7 kobolds
  3 bats
  5 frilled lizards
  9 rats
121 creatures vanquished.

Notes
Turn   | Place    | Note
-------+----------+-------------------------------------------
     0 | D:1      | swinepaste the Octopode Venom Mage began the quest for the
                  | Orb.
     0 | D:1      | Reached XP level 1. HP: 11/11 MP: 3/3
   204 | D:1      | Reached skill level 4 in Poison Magic
   204 | D:1      | Reached XP level 2. HP: 17/17 MP: 0/5
   419 | D:1      | Learned a level 2 spell: Poisonous Vapours
  1007 | D:2      | Reached XP level 3. HP: 21/21 MP: 3/6
  1217 | D:2      | Found a sparkling altar of Nemelex Xobeh.
  1433 | D:2      | Reached XP level 4. HP: 26/27 MP: 0/7
  1441 | D:2      | Learned a level 3 spell: Mephitic Cloud
  1559 | D:2      | Found a white marble altar of Elyvilon.
  1560 | D:2      | Found a glowing silver altar of Zin.
  1562 | D:2      | Found a glowing golden altar of the Shining One.
  1633 | D:2      | Reached skill level 5 in Poison Magic
  2045 | D:3      | Reached XP level 5. HP: 26/31 MP: 3/9
  2366 | D:3      | Learned a level 4 spell: Olgreb's Toxic Radiance
  2666 | D:3      | Found a bloodstained altar of Trog.
  2977 | D:4      | Reached skill level 6 in Poison Magic
  2977 | D:4      | Reached XP level 6. HP: 33/36 MP: 1/10
  3164 | D:4      | Found a runed door.
  3165 | D:4      | Noticed codyloyd's ghost (amateur DrEE)
  3274 | D:4      | Got a bloodstained mace
  3275 | D:4      | Identified the +9 mace of Dividends {venom, Dex+5} (You
                  | found it on level 4 of the Dungeon)
  3309 | D:4      | Reached skill level 1 in Air Magic
  3434 | D:4      | Found a deep blue altar of Sif Muna.
  3650 | D:4      | Found a staircase to the Ecumenical Temple.
  3660 | Temple   | Entered the Ecumenical Temple
  3872 | D:5      | Entered Level 5 of the Dungeon
  3919 | D:5      | Reached skill level 7 in Poison Magic
  3919 | D:5      | Reached XP level 7. HP: 41/41 MP: 4/12
  4335 | D:5      | Reached skill level 8 in Poison Magic
  4665 | D:5      | Reached XP level 8. HP: 46/46 MP: 5/14
  4816 | D:5      | Found an ornate altar of the Wu Jian Council.
  4939 | D:5      | Reached skill level 9 in Poison Magic
  4979 | D:5      | Slain by an ogre

Vault maps used:
D:1:      lightli_arrival_boilingwater, hangedman_decor_growths, minivault_24,
          st_stairs_7, lemuel_flame_loot_1
D:2:      good_gods_temple_1, lemuel_doored_altar
D:3:      lemuel_round_altar
D:4:      kennysheep_mini_moat, minmay_temple_entry_poolview, first_ration,
          ebering_ghost_inner_flame, kennysheep_generic_room_10
D:5:      lemuel_crystal_altar
Temple:   compressed_dpeg_triangle_lava_temple

Skill      XL: |  1  2  3  4  5  6  7  8 |
---------------+-------------------------+-----
Poison Magic   | 4 5 6 7 8 9 |  9.1
Conjurations   | 2 |  2.7
Spellcasting   | 3 4 |  4.8
Air Magic      | 1 2 |  2.5
Dodging        | |  2.0
Stealth        | |  2.6

Action                   |  1- 3 |  4- 6 |  7- 9 || total
-------------------------+-------+-------+-------++-------
Melee: Unarmed           |    24 |       |       ||    24
       Tentacles         |     9 |    10 |     7 ||    26
       Constrict         |    12 |    12 |     8 ||    32
       Short sword       |    21 |    20 |       ||    41
       Dagger            |       |    12 |       ||    12
       Mace              |       |    11 |    31 ||    42
 Cast: Sting             |    50 |    77 |    17 ||   144
       Poisonous Vapours |     4 |     6 |     7 ||    17
       Olgreb's Toxic Ra |       |     3 |     8 ||    11
 Stab: Sleeping          |     1 |     3 |     1 ||     5
  Eat: Chunk             |     2 |     8 |     6 ||    16
Armor: Skin              |    11 |     4 |       ||    15
Dodge: Dodged            |    50 |    32 |    16 ||    98

Table legend:
 A = Non-vault XP
 B = Vault XP
 C = Vault XP percentage of total XP
 D = Non-vault monster count
 E = Vault monster count
 F = Vault count percentage of total count
                 A         B        C        D         E       F
            +---------+---------+-------+---------+---------+-------
      Total |    1498 |       5 |   0.3 |     119 |       2 |   1.7
            +---------+---------+-------+---------+---------+-------
        D:1 |      26 |       2 |   7.1 |      13 |       1 |   7.1
        D:2 |      81 |       0 |   0.0 |      27 |       0 |   0.0
        D:3 |     167 |       0 |   0.0 |      28 |       0 |   0.0
        D:4 |     252 |       3 |   1.2 |      18 |       1 |   5.3
        D:5 |     972 |       0 |   0.0 |      33 |       0 |   0.0
            +---------+---------+-------+---------+---------+-------
